 Dungeon Crawl Stone Soup version 0.31-a0-145-g046c7d2549 (webtiles) character file.

Game seed: 8007874823623332059

817 qw the Skirmisher (level 7, -1/61 HPs)
             Began as a Minotaur Hunter on June 6, 2023.
             Was an Initiate of Okawaru.
             Succumbed to a water moccasin's poison
             ... on level 5 of the Dungeon.
             The game lasted 00:01:44 (4109 turns).

qw the Skirmisher (Minotaur Hunter)                 Turns: 4109, Time: 00:01:44

Health: -1/61      AC:  6    Str: 16    XL:     7   Next: 62%
Magic:  6/6        EV: 11    Int:  6    God:    Okawaru [......]
Gold:   37         SH:  0    Dex: 15    Spells: 6/6 levels left

rFire   + . .        Y - +2 shortbow
rCold   . . .        (shield currently unavailable)
rNeg    . . .        l - +0 ring mail
rPois   .            (helmet restricted)
rElec   .            (no cloak)
rCorr   +            (no gloves)
SInv    .            e - +0 pair of boots
Will    .....        (no amulet)
Stlth   +            i - ring of protection from fire
HPRegen 0.30/turn    c - ring of resist corrosion
MPRegen 0.10/turn

%: no passive effects
@: lethally poisoned (-1 -> -6), about to teleport
A: horns 2, retaliatory headbutt
a: Renounce Religion


You were on level 5 of the Dungeon.
You worshipped Okawaru.
Okawaru was noncommittal.
You visited 2 branches of the dungeon, and saw 6 of its levels.

You collected 212 gold pieces.
You spent 175 gold pieces at shops.


Innate Abilities, Weirdness & Mutations

You have a pair of horns on your head.
You reflexively headbutt those who attack you in melee.


   Skills:
 - Level 5.0 Fighting
 + Level 8.5 Ranged Weapons
 - Level 2.4 Throwing
 - Level 3.0 Armour
 - Level 2.1 Dodging
 - Level 0.7 Stealth


You had 6 spell levels left.
You didn't know any spells.
Your spell library was empty.

Inventory:

Hand Weapons
 Y - a +2 shortbow (weapon)
Missiles
 j - 5 javelins
Armour
 e - a +0 pair of boots (worn)
 l - a +0 ring mail (worn)
Jewellery
 c - a ring of resist corrosion (right hand)
 i - a ring of protection from fire (left hand)
Scrolls
 a - 3 scrolls of identify
Potions
 d - 4 potions of curing
 g - a potion of magic
 h - a potion of cancellation
 m - a potion of haste
 o - a potion of mutation

Dungeon Overview and Level Annotations

Branches:
Dungeon (5/15)             Temple (1/1) D:4

Altars:
Ashenzari
Cheibriados
Dithmenos
Fedhas
Makhleb
Nemelex Xobeh
Okawaru
Qazlal
Ru
Sif Muna
Trog
Uskayaw
Vehumet
Wu Jian
Xom
Zin
The Shining One

Shops:
D:4 ?

Annotations:
D:5 Pikel


Message History

The lemure hits you but does no damage.
You shoot an arrow.
Pikel shouts!
The arrow hits the lemure.
The lemure is severely wounded.
You hear a shout!
The lemure hits you!
You shoot an arrow. The arrow hits the lemure.
The lemure is severely wounded.
The water moccasin closely misses you.
The lemure splashes around in the water.
You shoot an arrow. The arrow barely misses the lemure.
The water moccasin completely misses you.
The lemure hits you. The water moccasin bites you.
You shoot an arrow. The arrow barely misses the lemure.
The water moccasin bites you.
You are poisoned.
The water moccasin poisons you! The lemure hits you but does no damage.
You shoot an arrow. The arrow closely misses the lemure.
You feel very sick.
The water moccasin bites you but does no damage.
The lemure barely misses you. You furiously retaliate!
You headbutt the lemure. The water moccasin bites you.
4106 ||| READING scroll of teleportation.
As you read the scroll of teleportation, it crumbles to dust.
You feel strangely unstable.
You feel very sick. The water moccasin barely misses you.
A lemure comes into view.
You shoot an arrow.
The arrow hits Pikel but does no damage.
You feel sick. The water moccasin barely misses you. You furiously retaliate!
You headbutt the water moccasin. The water moccasin bites you.
You shoot an arrow. The arrow hits the lemure.
You kill the lemure!
That felt strangely unrewarding.
You feel sick. The water moccasin bites you. Pikel barely misses you.
You shoot an arrow. The arrow hits the water moccasin!
The water moccasin is moderately wounded.
You die...

##.##..###...##.###.........
#.....## #...##.............
#..#### #........#.########
...... ...######.#.#
..#.<.....###### #.#.#
..##..##....%#######...########
... ...# ##
#.....[.....)......# ... #...#
###..######........# .. #.###
#@'# ###(.....# ~~~~~~KS.~~~~~~
..>...# ~.....)$....... .....(#
~..77......77.. ......# ~)
77....77 . ......# 7.5..7
......# ...... .......


You could see Pikel, a water moccasin and a lemure.

Vanquished Creatures
  Grinder (D:3)
  An ice beast (D:5)
  A black bear (D:5)
  An ogre (D:5)
  3 lemures (D:5)
  Blork the orc (D:4)
  A scorpion (D:4)
  A jelly (D:5)
  Terence (D:2)
  Natasha (D:2)
  Robin (D:2)
  2 adders
  2 worms
  5 dart slugs
  5 orcs
  5 ball pythons
  7 endoplasms
  5 giant cockroaches
  19 goblins
  11 hobgoblins
  8 jackals
  5 quokkas
  8 bats
  3 frilled lizards
  8 kobolds
  6 rats
112 creatures vanquished.

Notes
Turn   | Place    | Note
-------+----------+-------------------------------------------
     0 | D:1      | qw the Minotaur Hunter began the quest for the Orb.
     0 | D:1      | Reached XP level 1. HP: 18/18 MP: 0/0
     0 | D:1      | 0 ||| qw: Version: 0.2-a-116-g91df2f0
     0 | D:1      | 0 ||| qw: Game counter: 2395
     0 | D:1      | 0 ||| qw: Always use a shield: true
     0 | D:1      | 0 ||| qw: God list: Okawaru
     0 | D:1      | 0 ||| qw: Allow faded altars: false
     0 | D:1      | 0 ||| qw: Do Orc after D:15 true
     0 | D:1      | 0 ||| qw: Do second Lair branch before Depths: true
     0 | D:1      | 0 ||| qw: Lair rune preference: random
     0 | D:1      | 0 ||| qw: Plans: Normal
     0 | D:1      | 0 ||| PLANNING D:1-11
    42 | D:1      | 42 ||| Stepping ~*~*~tactically~*~*~ (outnumbered).
    45 | D:1      | Reached XP level 2. HP: 24/25 MP: 1/1
    98 | D:1      | Reached skill level 5 in Ranged Weapons
   196 | D:1      | Reached skill level 3 in Fighting
   209 | D:1      | 209 ||| FLEEEEING.
   210 | D:1      | 210 ||| FLEEEEING.
   211 | D:1      | 211 ||| FLEEEEING.
   212 | D:1      | 212 ||| FLEEEEING.
   213 | D:1      | 213 ||| FLEEEEING.
   214 | D:1      | 214 ||| FLEEEEING.
   215 | D:1      | 215 ||| FLEEEEING.
   216 | D:1      | 216 ||| FLEEEEING.
   219 | D:1      | 219 ||| FLEEEEING.
   220 | D:1      | 220 ||| FLEEEEING.
   221 | D:1      | 221 ||| FLEEEEING.
   222 | D:1      | 222 ||| FLEEEEING.
   223 | D:1      | 223 ||| FLEEEEING.
   224 | D:1      | 224 ||| FLEEEEING.
   225 | D:1      | 225 ||| FLEEEEING.
   226 | D:1      | 226 ||| FLEEEEING.
   415 | D:1      | Reached XP level 3. HP: 19/29 MP: 2/2
   419 | D:1      | 419 ||| FLEEEEING.
   420 | D:1      | 420 ||| FLEEEEING.
   421 | D:1      | 421 ||| FLEEEEING.
   424 | D:1      | 424 ||| FLEEEEING.
   542 | D:1      | Reached skill level 1 in Throwing
   795 | D:1      | 795 ||| UPGRADING to +0 ring mail.
   805 | D:1      | 805 ||| DROPPING +0 leather armour.
   806 | D:1      | 806 ||| READING 2 scrolls labelled MUM JURPHANAEHOU.
   807 | D:1      | 807 ||| READING scroll labelled MIRHUBLO OBBIU.
   808 | D:1      | 808 ||| READING scroll labelled MUPORR NEEPH.
   809 | D:1      | 809 ||| READING scroll labelled FAATAE QUFO.
   810 | D:1      | 810 ||| READING scroll labelled HUDAUPR TIZOS.
   811 | D:1      | 811 ||| DROPPING scroll of magic mapping.
   812 | D:1      | 812 ||| DROPPING scroll of butterflies.
   914 | D:2      | Reached skill level 1 in Armour
   954 | D:2      | Noticed Terence
   964 | D:2      | Killed Terence
   965 | D:2      | Reached XP level 4. HP: 34/38 MP: 3/3
  1021 | D:2      | Noticed Robin
  1024 | D:2      | 1024 ||| Stepping ~*~*~tactically~*~*~ (outnumbered).
  1027 | D:2      | Reached skill level 6 in Ranged Weapons
  1032 | D:2      | Killed Robin
  1214 | D:2      | Noticed Natasha
  1226 | D:2      | Killed Natasha
  1227 | D:2      | Reached XP level 5. HP: 20/46 MP: 4/4
  1625 | D:2      | 1625 ||| UPGRADING to ring of protection from fire.
  1626 | D:2      | 1626 ||| READING scroll labelled RYEMOI TIYMEKK.
  1627 | D:2      | 1627 ||| READING scroll labelled EMI JAOWETO.
  1628 | D:2      | 1628 ||| READING scroll labelled PUEREL UPTUG.
  1631 | D:2      | 1631 ||| DRINKING 2 fizzy orange potions.
  1651 | D:2      | 1651 ||| READING 2 scrolls of identify.
  1651 | D:2      | 1651 ||| IDENTIFYING metallic emerald potion
  1652 | D:2      | 1652 ||| DROPPING potion of degeneration.
  1653 | D:2      | 1653 ||| DROPPING potion of lignification.
  1686 | D:3      | Noticed Grinder
  1708 | D:3      | HP: 9/46 [Grinder/nerve-wracking pain (7)]
  1709 | D:3      | 1709 ||| READING scroll of teleportation.
  1710 | D:3      | Paralysed by Grinder for 2 turns
  1717 | D:3      | HP: 11/46 [adder (1)]
  1879 | D:3      | Paralysed by Grinder for 2 turns
  1881 | D:3      | Killed Grinder
  1882 | D:3      | Reached skill level 7 in Ranged Weapons
  1882 | D:3      | Reached XP level 6. HP: 49/52 MP: 5/5
  2392 | D:3      | 2392 ||| UPGRADING to +0 pair of boots.
  2397 | D:3      | 2397 ||| READING scroll labelled RIMEES MIZAK.
  2398 | D:3      | 2398 ||| READING scroll labelled HYX TANICUMIPS.
  2399 | D:3      | 2399 ||| READING scroll labelled LITWOA FOPSIARR.
  2400 | D:3      | 2400 ||| READING 3 scrolls of identify.
  2400 | D:3      | 2400 ||| IDENTIFYING brown potion
  2401 | D:3      | 2401 ||| READING 2 scrolls of identify.
  2401 | D:3      | 2401 ||| IDENTIFYING sedimented inky potion
  2402 | D:3      | 2402 ||| DROPPING potion of berserk rage.
  2440 | D:4      | Found a faded altar of an unknown god.
  2442 | D:4      | Found a staircase to the Ecumenical Temple.
  2443 | D:4      | 2443 ||| PLANNING TEMPLE
  2443 | D:4      | 2443 ||| UPGRADING to ring of resist corrosion.
  2450 | Temple   | Entered the Ecumenical Temple
  2480 | Temple   | 2480 ||| PLANNING OKAWARU WORSHIP
  2515 | Temple   | Became a worshipper of Warmaster Okawaru
  2515 | Temple   | 2515 ||| PLANNING D:1-11
  2574 | D:4      | Noticed Blork the orc
  2587 | D:4      | Killed Blork the orc
  2588 | D:4      | Reached skill level 8 in Ranged Weapons
  3317 | D:4      | Found Paseqino's Magic Scroll Shop.
  3323 | D:4      | 3323 ||| BUYING scroll of enchant weapon (97 gold).
  3323 | D:4      | Bought a scroll of enchant weapon for 97 gold pieces
  3323 | D:4      | 3323 ||| BUYING scroll of identify (26 gold).
  3323 | D:4      | Bought a scroll of identify for 26 gold pieces
  3323 | D:4      | 3323 ||| BUYING scroll of identify (26 gold).
  3323 | D:4      | Bought a scroll of identify for 26 gold pieces
  3323 | D:4      | 3323 ||| BUYING scroll of identify (26 gold).
  3323 | D:4      | Bought a scroll of identify for 26 gold pieces
  3323 | D:4      | 3323 ||| SHOPLISTING scroll of identify (26 gold, have 12).
  3323 | D:4      | 3323 ||| SHOPLISTING scroll of teleportation (39 gold, have
                  | 12).
  3323 | D:4      | 3323 ||| READING scroll of enchant weapon.
  3323 | D:4      | 3323 ||| ENCHANTING +1 shortbow.
  3351 | D:4      | Reached XP level 7. HP: 61/61 MP: 6/6
  3697 | D:4      | 3697 ||| DROPPING +6 ring of intelligence.
  3698 | D:4      | 3698 ||| READING 8 scrolls of identify.
  3698 | D:4      | 3698 ||| IDENTIFYING sapphire potion
  3699 | D:4      | 3699 ||| READING 7 scrolls of identify.
  3699 | D:4      | 3699 ||| IDENTIFYING emerald potion
  3700 | D:4      | 3700 ||| READING 6 scrolls of identify.
  3700 | D:4      | 3700 ||| IDENTIFYING fizzy green potion
  3701 | D:4      | 3701 ||| READING 5 scrolls of identify.
  3701 | D:4      | 3701 ||| IDENTIFYING inky potion
  3702 | D:4      | 3702 ||| READING 4 scrolls of identify.
  3702 | D:4      | 3702 ||| IDENTIFYING cyan potion
  3703 | D:4      | 3703 ||| DROPPING potion of attraction.
  3704 | D:4      | 3704 ||| DROPPING potion of brilliance.
  3728 | D:5      | Entered Level 5 of the Dungeon
  3848 | D:5      | Reached * piety under Okawaru
  3849 | D:5      | Reached skill level 3 in Armour
  3962 | D:5      | Found a blossoming altar of Fedhas.
  4048 | D:5      | 4048 ||| INVOKING Heroism.
  4072 | D:5      | 4072 ||| INVOKING Heroism.
  4100 | D:5      | Noticed Pikel
  4105 | D:5      | HP: 12/61 [water moccasin (4)]
  4106 | D:5      | 4106 ||| READING scroll of teleportation.
  4108 | D:5      | HP: 4/61 [poisoned by a water moccasin]
  4108 | D:5      | HP: 1/61 [water moccasin (3)]
  4109 | D:5      | Succumbed to a water moccasin's poison

Levels and vault maps discovered:
D:1:      dpeg_arrival_rooms_c, layout_basic, minmay_pentomino_w4
D:2:      layout_basic, st_stairs_2, uniq_natasha, uniq_robin, uniq_terence
D:3:      layout_loops_ring, uniq_grinder
D:4:      layout_basic, nicolae_temple_entry_ecumenical, serial_shops,
          nicolae_shop_hallway_plus, uniq_blork_the_orc
D:5:      layout_rooms, fedhas_altar_fruit_tree, kennysheep_dice, uniq_pikel,
          uniq_ijyb
Temple:   nicolae_temple_x_marks_the_god

Skill      XL: |  1  2  3  4  5  6  7 |
---------------+----------------------+-----
Ranged Weapons | 5 6 7 8 |  8.5
Fighting       | 3 4 5 |  5.0
Throwing       | 1 2 |  2.4
Armour         | 1 3 |  3.0
Dodging        | |  2.1
Stealth        | |  0.7

Action                     |  1- 3 |  4- 6 |  7- 9 || total
---------------------------+-------+-------+-------++-------
   Fire: Shortbow          |   137 |   193 |    61 ||   391
 Invoke: Heroism           |       |       |     2 ||     2
    Use: Scroll            |     5 |    11 |     6 ||    22
         Potion            |       |     1 |       ||     1
 Armour: Leather armour    |     7 |       |       ||     7
         Ring mail         |     8 |    22 |     9 ||    39
  Dodge: Dodged            |    41 |    42 |    22 ||   105

Table legend:
 A = Non-vault XP
 B = Vault XP
 C = Vault XP percentage of total XP
 D = Non-vault monster count
 E = Vault monster count
 F = Vault count percentage of total count
                 A         B        C        D         E       F
            +---------+---------+-------+---------+---------+-------
      Total |     565 |     603 |  51.6 |      81 |      28 |  25.7
            +---------+---------+-------+---------+---------+-------
        D:1 |      55 |      10 |  15.4 |      30 |       7 |  18.9
        D:2 |      28 |     113 |  80.1 |      12 |      18 |  60.0
        D:3 |      39 |     267 |  87.3 |      15 |       1 |   6.2
        D:4 |     137 |      91 |  39.9 |      20 |       1 |   4.8
        D:5 |     306 |     122 |  28.5 |       4 |       1 |  20.0
            +---------+---------+-------+---------+---------+-------
